 Dungeon Crawl Stone Soup version 0.32-a0-842-gbbb8fdbe59 (webtiles) character file.

Game seed: 9505169089571229825

17954 Descartes the Protected (level 12, -4/81 HPs)
             Began as a Minotaur Fighter on Mar 27, 2024.
             Was a Plaything of Xom.
             Slain by a reaper
             ... wielding a -4 scythe of freezing
              (13 damage)
             ... in an ice cave.
             The game lasted 00:18:47 (8536 turns).

Descartes the Protected (Minotaur Fighter)          Turns: 8536, Time: 00:18:48

Health: -4/81      AC: 20    Str: 26 (27) XL:     12   Next: 23%
Magic:  3/3        EV:  7    Int:  5      God:    Xom [...*..]
Gold:   865        SH: 13    Dex:  7 (9)  Spells: 11/11 levels left

rFire   x . .        c - +5 demon whip "Spellbinder" {antimagic, disrupt, Will+}
rCold   + . .        P - +2 kite shield
rNeg    + . .        O - +2 chain mail {rN+}
rPois   .            (helmet restricted)
rElec   .            v - scarf {repulsion}
rCorr   .            (no gloves)
SInv    .            J - +0 pair of boots
Will    +....        g - amulet of regeneration Stlth
                     N - ring of ice
HPRegen 1.13/turn    s - +4 ring of protection
MPRegen 0.08/turn

%: repel missiles
@: cleaving
A: horns 2, retaliatory headbutt, talons 1, deterioration 1, frail 1, passive
freeze, MP-powered wands
a: Renounce Religion


You were in an ice cave.
You worshipped Xom.
You were a favourite toy of Xom.
You visited 3 branches of the dungeon, and saw 13 of its levels.
You also visited: Ice Cave.

You collected 865 gold pieces.

Inventory:

Hand Weapons
 a - a +0 war axe
 c - the +5 demon whip "Spellbinder" (weapon) {antimagic, disrupt, Will+}
   (You found it in an ice cave)

   Will+:     It increases your willpower.
 I - a +4 morningstar
Missiles
 z - 5 throwing nets (quivered)
Armour
 v - a scarf of repulsion (worn)
 J - a +0 pair of boots (worn)
 O - a +2 chain mail of positive energy (worn)
 P - a +2 kite shield (worn)
Jewellery
 g - an amulet of regeneration (around neck)
 s - a +4 ring of protection (right hand)
 N - a ring of ice (left hand)
Wands
 C - a wand of flame (31)
 D - a wand of digging (2)
 E - a wand of mindburst (13)
 G - a wand of paralysis (8)
 M - a wand of warping (11)
Scrolls
 b - a scroll of enchant weapon
 e - 3 scrolls of blinking
 h - 4 scrolls of vulnerability
 l - 4 scrolls of enchant armour
 m - 3 scrolls of amnesia
 q - 7 scrolls of teleportation
 t - 3 scrolls of acquirement {unknown}
 u - 2 scrolls of fog {unknown}
 A - a scroll of summoning {unknown}
 F - 2 scrolls of fear {unknown}
Potions
 d - 3 potions of might
 f - 3 potions of attraction
 i - a potion of haste {unknown}
 j - 4 potions of lignification
 o - 3 potions of curing
 p - 6 potions of mutation
 w - a potion of enlightenment {unknown}
 x - 4 potions of invisibility
 B - a potion of berserk rage {unknown}
 K - a potion of heal wounds {unknown}


   Skills:
 - Level 3.6 Fighting
 + Level 14.2 Axes
 + Level 1.5(9.3) Maces & Flails
 + Level 14.2 Armour
 + Level 14.2 Shields


You had 11 spell levels left.
You didn't know any spells.
Your spell library contained the following spells:

 Spells                   Type           Power      Damage    Failure   Level
 Necrotise                Necr           0%         1d4       95%         1
 Sandblast                Erth           0%         2d4       95%         1
 Mercury Vapours          Alch/Air       0%         N/A       98%         2
 Dazzling Flash           Conj/Hex       0%         N/A       100%        3
 Mephitic Cloud           Conj/Alch/Air  0%         N/A       100%        3
 Stone Arrow              Conj/Erth      0%         3d7       100%        3
 Tukima's Dance           Hex            0%         N/A       100%        3
 Vampiric Draining        Necr           0%         2d6       100%        3
 Animate Dead             Necr           0%         N/A       100%        4
 Brom's Barrelling Bould  Conj/Erth      0%         2d3       100%        4
 Dimensional Bullseye     Hex/Tloc       0%         N/A       100%        4
 Iskenderun's Mystic Bla  Conj/Tloc      0%         2d3       100%        4
 Martyr's Knell           Necr/Summ      0%         N/A       100%        4
 Curse of Agony           Necr           0%         N/A       100%        5
 Freezing Cloud           Conj/Ice/Air   0%         6-21      100%        5
 Silence                  Hex/Air        0%         N/A       100%        5
 Haunt                    Necr/Summ      0%         N/A       100%        7
 Infestation              Necr           0%         N/A       100%        8


Dungeon Overview and Level Annotations

Branches:
Dungeon (11/15)            Temple (1/1) D:4            Lair (0/5) D:11
    Orc (1/2) D:10          IceCv (1/1)

Altars:
Ashenzari
Cheibriados
Dithmenos
Elyvilon
Fedhas
Gozag
Hepliaklqana
Kikubaaqudgha
Makhleb
Okawaru
Qazlal
Ru
Sif Muna
Trog
Uskayaw
Vehumet
Wu Jian
Xom
Yredelemnul
Zin
The Shining One

Shops:
D:1 !   D:9 !*=[(

Portals:
Abyss: D:5

Annotations:
D:5 2 transporters, HourglassMan's ghost, novice TeAE
Orc:1 1 transporter, Kuwn's ghost, journeyman HuDe


Innate Abilities, Weirdness & Mutations

You have a pair of horns on your head.
You reflexively headbutt those who attack you in melee.
You have sharp toenails.
Your body sometimes deteriorates upon taking damage.
You are frail. (-10% HP)
A frigid envelope surrounds you and freezes all who hurt you.
You expend magic power (3 MP) to strengthen your wands.


Message History

The reaper is severely wounded.
You whack the spriggan simulacrum!
The spriggan simulacrum vaporises!
You barely miss the polar bear simulacrum.
The reaper barely misses you.
Unknown command.
You barely miss the reaper.
The reaper is severely wounded.
You barely miss the polar bear simulacrum.
The polar bear simulacrum bites you but does no damage.
You block the polar bear simulacrum's attack.
The polar bear simulacrum claws you but does no damage.
The reaper hits you with a -4 scythe of freezing.
* * * LOW HITPOINT WARNING * * *
The reaper drags you backwards!
The reaper is very cold.
The reaper resists.
The reaper is severely wounded.
Found five items.
You feel better.
The reaper hits you with a -4 scythe of freezing!!
You die... "What?
Wait, NO!"
Xom revives you! The reaper drags you backwards! The reaper freezes you.
* * * LOW HITPOINT WARNING * * *
The reaper is very cold.
The reaper resists.
The reaper is severely wounded.
Found 21 gold pieces.
You hit the reaper but do no damage.
The reaper is severely wounded.
Unknown command.
You hit the reaper but do no damage.
The reaper is severely wounded.
You block the reaper's attack.
Unknown command.
You whack the reaper!
You headbutt the reaper, but do no damage.
The reaper is almost dead.
You whack the polar bear simulacrum!
The reaper hits you with a -4 scythe of freezing!
You die...

#.#≈≈≈≈≈≈# =?#
.##≈≈≈≈≈≈### $=[#
.##≈≈#≈≈##.## $$[#
..#≈##≈##.○☼## $$$#
..######..#☼.####.$$#
...#.#.#.###..##...$#
...#..#..# #.......$#
#...##..## ##.......#
##..###.# #..Z@.###
##.# .## ##...2#
..##. #....# #.##.#
##..## .. #. ##.# ..#
## ##. .# # .


You could see a reaper and a polar bear simulacrum.

Vanquished Creatures
  Josephine (D:10)
  Fannar (D:10)
  Harold (D:10)
  3 two-headed ogres
  2 orc knights (Orc:1)
  A harpy (shapeshifter) (D:10)
  An orc sorcerer (Orc:1)
  2 kobold blastminers (Orc:1)
  Jeremiah (D:6)
  2 anaconda simulacra (IceCv)
  A komodo dragon (D:9)
  An ice devil (IceCv)
  A troll (D:9)
  2 hornets
  4 wyverns
  4 wraiths (D:10)
  15 yaks (D:9)
  2 dire elephant simulacra (IceCv)
  3 steam dragons
  A hydra simulacrum (IceCv)
  A water moccasin (D:7)
  2 black bears
  11 orc warriors
  A sky beast (D:8)
  A crocodile (D:10)
  An ice beast (D:7)
  A centaur (D:10)
  A phantom (D:7)
  3 kobold brigands
  3 bullfrogs
  A cane toad simulacrum (IceCv)
  A gnoll sergeant (D:10)
  2 scorpions
  3 two-headed ogre simulacra (IceCv)
  9 wights (D:8)
  5 killer bees (D:9)
  A howler monkey (D:6)
  A bombardier beetle (D:4)
  3 hounds
  9 orc priests
  3 jellies
  3 iguanas
  9 orc wizards
  6 spriggan simulacra (IceCv)
  4 polar bear simulacra (IceCv)
  9 troll simulacra (IceCv)
  2 wolf simulacra (IceCv)
  10 gnolls
  7 adders
  7 naga simulacra (IceCv)
  18 white imps
  8 ufetubi
  49 orcs
  2 endoplasms (D:3)
  2 giant cockroaches
  5 goblins
  4 hobgoblins
  11 jackals
  28 kobolds
  3 quokkas
  2 ball pythons
  3 bats
  2 frilled lizards (D:1)
  5 rats
311 creatures vanquished.

Vanquished Creatures (collateral kills)
  An ugly thing (D:11)
  3 vampire mosquitoes (D:11)
  An orc warrior (D:10)
  3 orc priests (D:10)
  An orc wizard (D:10)
  A gnoll (D:10)
  4 orcs (D:10)
14 creatures vanquished.

Vanquished Creatures (others)
  A dancing weapon (D:10)
  An orc priest (Orc:1)
  An orc wizard (D:10)
  3 orcs
6 creatures vanquished.

Grand Total: 331 creatures vanquished

Notes
Turn   | Place    | Note
-------+----------+-------------------------------------------
     0 | D:1      | Descartes the Minotaur Fighter began the quest for the Orb.
     0 | D:1      | Reached XP level 1. HP: 19/19 MP: 0/0
   100 | D:1      | Found Ymamys's Distillery.
   261 | D:1      | Reached XP level 2. HP: 26/26 MP: 1/1
   716 | D:2      | Reached XP level 3. HP: 21/31 MP: 2/2
   980 | D:2      | Found a shimmering blue altar of Sif Muna.
  2111 | D:4      | HP: 1/31 [gnoll/+0 spear (2)]
  2158 | D:4      | Reached XP level 4. HP: 24/39 MP: 3/3
  2170 | D:4      | Reached skill level 5 in Armour
  2170 | D:4      | Reached XP level 5. HP: 26/45 MP: 4/4
  2176 | D:4      | Reached skill level 5 in Shields
  2309 | D:4      | Found a glowing golden altar of the Shining One.
  2338 | D:4      | Found a staircase to the Ecumenical Temple.
  2432 | Temple   | Entered the Ecumenical Temple
  2456 | Temple   | Became a worshipper of Xom of Chaos
  2752 | D:4      | XOM: silly message
  3053 | D:5      | Entered Level 5 of the Dungeon
  3053 | D:5      | Noticed a black bear
  3057 | D:5      | XOM: confuse monster(s)
  3058 | D:5      | Killed a black bear
  3059 | D:5      | Reached skill level 5 in Axes
  3059 | D:5      | Reached XP level 6. HP: 50/51 MP: 5/5
  3064 | D:5      | XOM: 1-stop teleportation journey
  3100 | D:5      | Found an ornate altar of the Wu Jian Council.
  3223 | D:5      | Found a transporter.
  3225 | D:5      | Found a transporter.
  3226 | D:5      | Noticed a small abomination
  3259 | D:5      | Noticed a toenail golem
  3262 | D:5      | Found a one-way gate to the infinite horrors of the Abyss.
  3262 | D:5      | Noticed HourglassMan's ghost (novice TeAE)
  3263 | D:5      | XOM is BORED!
  3332 | D:5      | Reached XP level 7. HP: 57/57 MP: 6/6
  3447 | D:5      | XOM: 4-stop teleportation journey
  3454 | D:6      | Noticed a steam dragon
  3468 | D:6      | Killed a steam dragon
  3508 | D:6      | Noticed Jeremiah
  3510 | D:6      | XOM: enchant monster (good)
  3523 | D:6      | Killed Jeremiah
  3583 | D:6      | XOM: give mutations
  3583 | D:6      | Gained mutation: You expend magic power (3 MP) to
                  | strengthen your wands. [Xom's grace]
  3583 | D:6      | Gained mutation: You have sharp toenails. [Xom's grace]
  3583 | D:6      | Gained mutation: A frigid envelope surrounds you and
                  | freezes all who hurt you. [Xom's grace]
  3583 | D:6      | Gained mutation: You are agile. (Dex +4, Str/Int -1) [Xom's
                  | grace]
  3701 | D:6      | Reached XP level 8. HP: 64/64 MP: 7/7
  3718 | D:6      | XOM: fog
  3720 | D:6      | XOM: cleaving
  3781 | D:6      | XOM: god gift: fuming inky potion {god gift}
  4116 | D:6      | Found a broken altar of Ashenzari.
  4276 | D:6      | XOM: cloud trail
  4330 | D:6      | XOM: 1-stop teleportation journey
  4614 | D:7      | XOM: scenery: create altars
  4618 | D:7      | XOM: enchant monster (good)
  4717 | D:7      | XOM: polymorph orc -> orc
  4837 | D:7      | Noticed a hornet
  4837 | D:7      | XOM: enchant monster (bad)
  4842 | D:7      | Killed a hornet
  4843 | D:7      | Reached XP level 9. HP: 70/70 MP: 8/8
  4910 | D:7      | XOM: summons 4 hostile shadow creatures
  5021 | D:7      | XOM: cloud trail
  5350 | D:8      | XOM: silly message
  5464 | D:8      | Reached skill level 10 in Armour
  5467 | D:8      | Reached skill level 10 in Shields
  5529 | D:8      | XOM: divination: detect items
  5533 | D:8      | Reached skill level 10 in Axes
  5735 | D:8      | XOM: noise
  5940 | D:9      | Found Qaus's Armour Emporium.
  5954 | D:9      | Found Hener's Weapon Emporium.
  5956 | D:9      | XOM: confuse monster(s)
  5967 | D:9      | Reached XP level 10. HP: 77/77 MP: 9/9
  6062 | D:9      | Noticed a two-headed ogre
  6068 | D:9      | Killed a two-headed ogre
  6075 | D:9      | XOM: fog
  6078 | D:9      | XOM: smoke on damage
  6081 | D:9      | HP: 2/77 [yak (12)]
  6141 | D:9      | XOM: god gift: 32 gold pieces
  6219 | D:9      | Found Lonufud's Distillery.
  6258 | D:9      | Found Exutolo's Jewellery Boutique.
  6283 | D:9      | XOM: 6-stop teleportation journey
  6320 | D:9      | XOM: fog
  6394 | D:9      | Found Wihuyton's General Store.
  6480 | D:9      | XOM: 1-stop teleportation journey
  6747 | D:10     | Entered Level 10 of the Dungeon
  6747 | D:10     | Noticed Josephine
  6753 | D:10     | Killed Josephine
  6754 | D:10     | Reached XP level 11. HP: 82/82 MP: 10/10
  6787 | D:10     | XOM: enchant monster (good)
  6801 | D:10     | XOM: polymorph orc wizard -> crocodile
  6802 | D:10     | XOM: summons 11 friendly demons
  6807 | D:10     | Found a staircase to the Orcish Mines.
  6900 | D:10     | Noticed Harold
  6905 | D:10     | XOM: scenery: summon butterflies
  6911 | D:10     | Killed Harold
  6973 | D:10     | Noticed a two-headed ogre
  6973 | D:10     | XOM: 5-stop teleportation journey
  6974 | D:10     | XOM: noise
  6978 | D:10     | Killed a two-headed ogre
  7157 | D:10     | Noticed Fannar
  7196 | D:10     | Killed Fannar
  7259 | D:10     | XOM: draining
  7335 | D:10     | XOM: scenery: summon butterflies
  7357 | D:10     | XOM: give mutations
  7357 | D:10     | Lost mutation: You are agile. (Dex +4, Str/Int -1) [Xom's
                  | mischief]
  7357 | D:10     | Gained mutation: You have hidden genetic defects. [Xom's
                  | mischief]
  7639 | Orc:1    | Entered Level 1 of the Orcish Mines
  7663 | D:10     | XOM: polymorph kobold blastminer -> shapeshifter
  7663 | D:10     | a shapeshifter changed into a harpy
  7663 | D:10     | Noticed a harpy (shapeshifter)
  7665 | D:10     | XOM: cleaving
  7666 | D:10     | Killed a harpy
  7707 | Orc:1    | XOM: silly message
  7709 | Orc:1    | XOM: enchant monster (good)
  7934 | Orc:1    | Found a transporter.
  7937 | Orc:1    | Noticed Kuwn's ghost (journeyman HuDe)
  7944 | Orc:1    | Noticed an orc knight
  7945 | Orc:1    | Noticed an orc sorcerer
  7948 | Orc:1    | Noticed an orc knight
  7967 | Orc:1    | XOM: cleaving
  7971 | Orc:1    | XOM: polymorph neqoxec -> iron imp
  7972 | Orc:1    | Killed an orc knight
  7974 | Orc:1    | Gained mutation: You are frail. (-10% HP) [hidden defects]
  7979 | Orc:1    | Noticed a sun demon
  7980 | Orc:1    | Killed an orc sorcerer
  7987 | Orc:1    | Killed an orc knight
  8067 | D:11     | XOM: cast spell 'Monstrous Menagerie'
  8077 | D:11     | Noticed a green ugly thing
  8078 | D:11     | Noticed a two-headed ogre
  8081 | D:11     | XOM: summons friendly crimson imp
  8085 | D:11     | Killed a green ugly thing
  8086 | D:11     | Reached XP level 12. HP: 81/81 MP: 11/11
  8093 | D:11     | Killed a two-headed ogre
  8106 | D:11     | Gained mutation: Your body sometimes deteriorates upon
                  | taking damage. [hidden defects]
  8106 | D:11     | Lost mutation: You have hidden genetic defects. [hidden
                  | defects expressed]
  8140 | D:11     | Found a frozen archway.
  8163 | IceCv    | Entered an ice cave
  8163 | IceCv    | XOM: enchant monster (good)
  8273 | IceCv    | HP: 4/81 [constriction (5)]
  8273 | IceCv    | HP: 1/81 [constriction (3)]
  8279 | IceCv    | Found the +5 demon whip "Spellbinder" {antimagic, disrupt,
                  | Will+}
  8314 | IceCv    | XOM: confuse monster(s)
  8333 | IceCv    | XOM: scenery: summon butterflies
  8505 | IceCv    | Noticed a reaper
  8513 | IceCv    | XOM: smoke on damage
  8516 | IceCv    | XOM: cleaving
  8517 | IceCv    | Reached skill level 1 in Maces & Flails
  8533 | IceCv    | Xom revived you
  8536 | IceCv    | Slain by a reaper

Illustrated notes

Levels and vault maps discovered:
D:1:      dpeg_arrival_refuge, layout_loops_ring, serial_shops, shop,
          minmay_circled_x
D:2:      cheibrodos_old_hovel, layout_loops_ring, basic_altar
D:3:      layout_basic
D:4:      layout_loops_ring, tso_oasis_becter, minmay_temple_entry_statues,
          minmay_crossroads
D:5:      layout_rooms, nemelex_spade_bored_becter, mainiacjoe_overflow_paths,
          gammafunk_ghost_abyssal_escape, serial_curves, eino_curves_01,
          eino_curves_02, eino_curves_01, eino_curves_04,
          nicolae_shop_dragon_depot
D:6:      layout_layer_cave, lemuel_tele_altar, uniq_jeremiah
D:7:      layout_loops_ring
D:8:      nicolae_cairo_tiling_large, layout_rooms
D:9:      layout_long_grid, serial_shops, nicolae_inconvenience_store, shop,
          shop, nicolae_shop_getting_attention, shop
D:10:     layout_small_grid, erik_orc_4, chequers_serial_rivers_micro_e,
          uniq_fannar, uniq_harold, uniq_josephine
D:11:     layout_loops_ring, dpeg_oklobed_lair, gauntlet_entry_generic,
          portal_ice_cave_entry_imps
Temple:   nicolae_temple_bog_church
Orc:1:    layout_caves, gammafunk_ghost_stat_death, serial_shops
IceCv:    ice_cave_caverns_02

Skill      XL: |  1  2  3  4  5  6  7  8  9 10 11 12 |
---------------+-------------------------------------+-----
Armour         | 4 5 6 7 9 10 12 13 14 | 14.2
Shields        | 4 5 6 7 8 10 12 13 14 | 14.2
Axes           | 3 4 5 6 8 10 12 13 14 | 14.2
Maces & Flails | 1 |  1.5
Fighting       | |  3.6

Action                     |  1- 3 |  4- 6 |  7- 9 | 10-12 || total
---------------------------+-------+-------+-------+-------++-------
  Melee: War axe           |   101 |    94 |   188 |   300 ||   683
         Headbutt          |    16 |    13 |    42 |    70 ||   141
         Kick              |       |       |    44 |       ||    44
         Demon whip        |       |       |       |   100 ||   100
  Evoke: Wand              |       |       |       |     1 ||     1
    Use: Scroll            |       |       |     6 |     7 ||    13
         Potion            |       |       |       |     4 ||     4
   Stab: Confused          |       |     2 |     3 |     1 ||     6
         Sleeping          |       |     1 |       |     1 ||     2
         Paralysed         |       |       |     1 |       ||     1
         Distracted        |       |       |       |     2 ||     2
 Armour: Scale mail        |   109 |    75 |       |       ||   184
         Plate armour      |       |     8 |   145 |   114 ||   267
         Chain mail        |       |       |       |   213 ||   213
  Dodge: Dodged            |    58 |    45 |    47 |   118 ||   268
         Repelled          |       |       |     5 |    14 ||    19
  Block: Buckler           |    22 |    28 |    74 |    69 ||   193
         Kite shield       |       |       |       |   191 ||   191

Table legend: (Time is in decaauts)
 A = Elapsed time spent in this place.
 B = Non-inter-level travel time spent in this place.
 C = Inter-level travel time spent in this place.
 D = Time resting spent in this place.
 E = Time spent auto-exploring this place.
 F = Levels seen in this place.
 G = Mean time per level.
                   A        B        C        D        E       F      G
               +--------+--------+--------+--------+--------+-----+--------+
         Total |   8569 |   8057 |    512 |      0 |   6184 |  14 |  612.1 |
       Dungeon |   7838 |   7368 |    470 |      0 |   5957 |  11 |  712.5 |
        Temple |     47 |      5 |     42 |      0 |      0 |   1 |   47.0 |
  Orcish Mines |    342 |    342 |      0 |      0 |    204 |   1 |  342.0 |
      Ice Cave |    341 |    341 |      0 |      0 |     23 |   1 |  341.0 |
               +--------+--------+--------+--------+--------+-----+--------+

Top non-repeatable levels by time:
     D:6: 1136 daAuts
    D:10: 944 daAuts
     D:4: 896 daAuts
     D:3: 829 daAuts
     D:9: 822 daAuts
     D:2: 724 daAuts
     D:7: 701 daAuts
     D:8: 648 daAuts
     D:1: 610 daAuts
     D:5: 409 daAuts
   Orc:1: 342 daAuts
   IceCv: 341 daAuts
    D:11: 115 daAuts
  Temple: 47 daAuts
